Map: Dusk Towers

Players

Becksmon - Winner!

  • Race: Zerg Zerg
  • League: Gold

capac

  • Race: Terran Terran
  • League: Gold

VOD

Have the link to the VOD?

Description

Time

  • Played on: Feb. 25, 2016, 3:28 p.m.
  • Length: 19:42
Show
View Real Time Build Order
Export as new Build Order

Becksmon Zerg - Winner!

Build Orders: Hatch First 

Get SALT Encoding   

  12  0:01  Drone  
  13  0:11  Drone  
  14  0:17  Overlord  
  14  0:25  Extractor, Drone  
  15  0:35  Drone  
  16  0:36  Drone  
  17  0:54  Hatchery  
  16  1:04  Extractor  
  16  1:10  Spawning Pool  
  14  1:12  Drone  
  14  1:15  Drone  
  16  1:20  Drone  
  17  1:30  Drone  
  18  1:37  Drone  
  19  1:44  Overlord  
  19  1:56  Drone  
  19  2:00  Queen  
  22  2:06  Queen  
  22  2:07  Drone  
  22  2:08  Drone  
  26  2:17  Overlord  
  26  2:21  Zergling x2  
  27  2:27  Drone  
  28  2:41  Zergling x4  
  30  2:49  Drone  
  30  2:51  Drone x2  
  33  2:55  Metabolic Boost  
  33  3:11  Drone  
  33  3:12  Drone x3  
  37  3:25  Drone  
  37  3:26  Drone x6  
  44  3:30  Overlord  
  44  3:39  Overlord  
  44  3:42  Hatchery  
  44  3:43  Zergling x2  
  44  3:54  Zergling x4  
  46  4:00  Lair  
  46  4:05  Baneling Nest  
  46  4:09  Extractor  
  44  4:11  Extractor  
  44  4:12  Drone  
  44  4:13  Drone x4  
  48  4:21  Drone x3  
  51  4:27  Queen  
  53  4:35  Drone x3  
  53  4:36  Drone  
  57  4:46  Zergling x6  
  57  4:47  Overlord  
  60  4:55  Zergling x8  
  60  4:56  Zergling x2  
  65  5:03  Overlord  
  65  5:05  Queen  
  67  5:07  Baneling x2  
  67  5:08  Baneling x4  
  67  5:09  Zergling x6  
  67  5:10  Zergling x2, Centrifical Hooks  
  71  5:20  Drone x2  
  73  5:25  Spore Crawler  
  73  5:27  Spore Crawler  
  71  5:29  Drone  
  71  5:30  Drone x5, Spore Crawler  
  76  5:41  Roach Warren  
  75  5:45  Drone x2  
  75  5:46  Drone x4  
  75  5:47  Evolution Chamber  
  75  5:48  Drone  
  75  5:49  Evolution Chamber  
  80  5:52  Overseer  
  80  5:58  Zergling x2  
  80  5:59  Zergling x2  
  80  6:00  Pneumatized Carapace  
  75  6:29  Queen  
  74  6:35  Roach  
  74  6:36  Roach x2  
  80  6:42  Queen  
  82  6:56  Overlord x3  
  82  6:57  Overlord x3  
  82  7:08  Overlord x4  
  82  7:12  Zerg Missile Weapons Level 1, Zerg Ground Armor Level 1  
  82  7:13  Glial Reconstitution  
  82  7:14  Queen x2  
  82  7:15  Roach  
  88  7:16  Roach x6  
  88  7:21  Extractor  
  99  7:38  Roach x7  
  99  7:39  Spine Crawler, Roach  
  99  7:41  Spine Crawler  
  113  7:45  Roach  
  113  7:46  Roach x3  
  113  7:47  Hatchery  
  113  7:48  Baneling  
  113  7:49  Baneling x6  
  113  7:51  Roach  
  122  7:54  Baneling  
  122  7:58  Zergling x6  
  125  8:10  Roach  
  125  8:11  Roach x2  
  131  8:26  Roach  
  131  8:27  Roach x3  
  134  8:33  Ravager  
  134  8:34  Ravager x4  
  139  8:47  Hydralisk Den  
  138  9:06  Roach x5  
  138  9:07  Roach x4  
  154  9:36  Hydralisk x4  
  154  9:37  Hydralisk  
  164  9:41  Zergling x8  
  164  9:44  Overlord x3  
  164  9:45  Overlord  
  168  9:51  Extractor x2, Drone  
  167  9:52  Overlord  
  167  9:53  Overlord  
  167  9:56  Zerg Missile Weapons Level 2  
  167  10:05  Hydralisk  
  169  10:16  Drone x2  
  169  10:17  Drone x6  
  170  10:24  Zergling x2  
  170  10:25  Zergling x6  
  170  10:28  Ravager  
  175  10:33  Baneling x5  
  175  10:35  Zergling x8  
  179  11:00  Drone x6  
  179  11:01  Drone x2  
  187  11:29  Hydralisk x4  
  187  11:30  Hydralisk x2  
  199  11:34  Zerg Ground Armor Level 2  
  199  11:36  Muscular Augments  
  199  11:49  Drone  
  199  11:50  Extractor  
  199  11:51  Extractor  
  198  11:59  Infestation Pit  
  197  12:05  Hatchery  
  196  12:36  Hive  
  196  12:40  Infestor x2  
  198  13:24  Hydralisk, Roach  
  194  13:31  Zergling x10  
  188  13:56  Roach  
  188  13:57  Roach x4  
  195  14:10  Hatchery  
  188  14:27  Zergling x8  
  188  14:28  Zergling x6  
  188  14:30  Baneling x2  
  188  14:31  Baneling x9  
  195  14:32  Baneling x4  
  195  14:51  Zerg Missile Weapons Level 3  
  195  14:52  Zerg Ground Armor Level 3  
  195  14:57  Adrenal Glands  
  195  15:05  Ultralisk Cavern  
  194  15:07  Spire  
  193  15:17  Queen  
  167  15:53  Ravager  
  167  15:55  Ravager  
  167  15:57  Ravager x7  
  167  15:58  Ravager x7  
  167  16:04  Zergling x10  
  173  16:08  Baneling x6  
  173  16:09  Baneling x3  
  152  16:32  Ultralisk x2  
  169  16:33  Ultralisk x6  
  199  16:45  Roach  
  199  16:46  Roach  
  172  16:58  Zergling x12  
  172  16:59  Zergling x2, Roach x4  
  172  17:00  Roach x5  
  172  17:01  Roach x3  
  200  17:20  Chitinous Plating  
  200  17:35  Extractor  
  198  17:38  Extractor  
  156  18:00  Zergling x4  
  156  18:01  Viper x2, Roach x5  
  156  18:02  Ultralisk x3  
  156  18:03  Ultralisk  
  199  18:27  Roach x2  
  199  18:29  Zergling x2  
  183  18:52  Roach  
  183  18:53  Roach x5  
  183  18:54  Mutalisk x5, Roach x2  
  183  18:55  Mutalisk  
  195  19:00  Baneling  
  195  19:02  Ravager  
Show
View Real Time Build Order
Export as new Build Order

capac Terran 

Build Orders:  

Get SALT Encoding   

  12  0:00  SCV  
  13  0:13  SCV  
  14  0:18  Supply Depot  
  14  0:26  SCV  
  15  0:39  SCV  
  16  0:43  Barracks  
  16  0:52  SCV  
  17  1:04  Refinery, SCV  
  18  1:16  SCV  
  19  1:28  SCV  
  20  1:38  Command Center  
  20  1:43  Marine  
  21  1:49  Supply Depot  
  21  1:59  Orbital Command  
  21  2:06  Barracks, Barracks Reactor  
  21  2:30  SCV  
  22  2:39  Factory  
  22  2:45  Marine x2  
  22  2:51  SCV  
  25  2:53  Orbital Command  
  25  2:55  Barracks Tech Lab  
  25  2:58  Barracks  
  24  3:03  SCV  
  25  3:12  Refinery  
  25  3:17  SCV  
  26  3:27  Starport  
  26  3:28  Marine x2  
  26  3:29  Marine  
  29  3:37  SCV x2  
  31  3:44  Stimpack  
  31  3:46  Marine x2  
  33  3:50  Refinery  
  33  3:51  SCV x2  
  35  3:57  Marine  
  35  4:01  Marine  
  37  4:08  Starport Reactor  
  37  4:09  Supply Depot  
  37  4:14  Marine  
  37  4:15  Marine  
  40  4:17  Barracks Reactor  
  40  4:20  SCV x2  
  41  4:30  Marine  
  42  4:32  Marine, Factory Tech Lab, SCV x2  
  42  4:33  Marine  
  46  4:44  Supply Depot  
  46  4:46  Medivac x2  
  46  4:48  Marine  
  46  4:50  Marine x2  
  53  4:56  Marine x2  
  55  5:00  SCV x2  
  57  5:07  Supply Depot  
  57  5:09  Siege Tank  
  57  5:11  Marine x2  
  62  5:30  Marine  
  62  5:31  Marine x3  
  62  5:32  Marine  
  62  5:33  Medivac x2  
  71  5:41  SCV  
  71  5:42  SCV  
  73  5:44  Refinery  
  73  5:48  Supply Depot  
  73  5:56  SCV x2  
  75  5:58  Marine x3  
  78  6:10  Marine  
  73  6:22  Marine x4  
  77  6:27  Liberator x2  
  77  6:28  Marine  
  73  6:41  Marine x4  
  73  6:43  Siege Tank  
  73  6:45  Marine  
  80  6:47  SCV  
  80  6:48  SCV  
  80  6:51  Supply Depot  
  80  6:59  Marine x3  
  80  7:00  Marine  
  84  7:04  SCV x2  
  86  7:14  Marine  
  87  7:16  SCV x2  
  87  7:17  Marine x3  
  87  7:18  Marine  
  93  7:23  Siege Tank  
  96  7:32  Marine  
  96  7:34  SCV  
  96  7:35  Marine x3, SCV  
  96  7:36  Supply Depot  
  102  7:56  Engineering Bay  
  102  7:57  Engineering Bay  
  103  7:59  Siege Tank  
  105  8:14  Command Center  
  105  8:31  Liberator x2  
  105  8:36  Supply Depot  
  105  8:41  Supply Depot  
  105  8:42  Terran Infantry Weapons Level 1, Terran Infantry Armor Level 1  
  105  8:43  Supply Depot  
  108  8:54  Marine x5  
  116  8:57  Siege Tank  
  119  9:05  Bunker  
  119  9:07  Supply Depot  
  119  9:11  Supply Depot  
  119  9:14  Marine  
  119  9:15  Marine x4  
  124  9:32  Marine  
  124  9:34  Marine  
  124  9:35  Marine x2  
  124  9:37  Supply Depot  
  125  9:39  Armory  
  125  9:40  Marine  
  126  9:50  Marine  
  126  9:51  Bunker  
  126  9:52  Marine x2  
  127  9:53  Marine  
  127  9:58  Marine  
  131  10:08  Supply Depot, Marine  
  131  10:10  Marine  
  133  10:32  SCV x2  
  133  10:34  Supply Depot  
  133  10:35  Bunker  
  135  10:38  Medivac x2  
  139  10:44  Orbital Command, SCV  
  140  10:56  Terran Infantry Weapons Level 2, Terran Infantry Armor Level 2  
  140  10:58  Marine x4  
  140  10:59  Marine  
  140  11:02  Barracks  
  145  11:16  Marine x5  
  150  11:19  Refinery x2  
  150  11:33  Marine  
  151  11:42  Supply Depot  
  151  11:43  SCV x2  
  153  11:52  Barracks, Liberator x2  
  153  11:53  Starport, Barracks Reactor  
  153  11:55  Marine x5  
  158  12:04  Terran Ship Weapons Level 1  
  158  12:07  Siege Tank  
  161  12:13  Marine  
  161  12:14  Marine x3  
  161  12:15  Marine  
  171  12:17  SCV x2  
  174  12:27  Combat Shields  
  174  12:31  Starport Reactor  
  174  12:33  Starport  
  174  12:36  Marine  
  174  12:37  Marine x4  
  175  12:39  Marine  
  175  12:42  Barracks Reactor  
  180  13:00  Liberator, Missile Turret  
  180  13:08  Command Center  
  180  13:17  Medivac x2  
  176  13:30  Marine x2  
  176  13:31  Marine x5  
  176  13:51  Marine x5  
  181  14:00  Marine  
  181  14:01  Marine x3  
  185  14:09  Marine x2  
  186  14:10  Liberator x4  
  180  14:24  Marine x5  
  181  14:25  Marine  
  190  15:17  Marine  
  191  15:26  Planetary Fortress  
  156  16:33  Marine x2  
  156  16:34  Marine x6  
  156  16:35  Marine  
  156  16:37  Medivac x2  
  156  16:39  Starport Reactor  
  169  16:43  Factory  
  144  16:57  Marine x4  
  144  16:58  Marine x5  
  135  17:15  Marine x5  
  138  17:16  Marine x4  
  144  17:32  Marine  
  144  17:33  Marine x3  
  148  17:41  Liberator x6  
  82  18:11  Marine x3  
  82  18:12  Marine x5  
  73  18:27  Marine  
  73  18:29  Marine x2  
  62  18:52  Marine x3  
  62  18:53  Marine x4  
  64  19:10  Marine  
Tags
 
Add a new tag
Caveats
  • Supply blocks, unpowered buildings, or Contaminate may cause inaccurate times.
  • Supply counts are checked every 10 seconds.